Map: Amphion LE

Players

Proxyimba - Winner!

  • Race: Terran Terran
  • League: Master
  • Spawn Location: 11:00

A.I. 1 (Easy)

  • Race: Protoss Protoss
  • Spawn Location: 7:00

VOD

Have the link to the VOD?

Description

Time

  • Played on: Oct. 13, 2025, 7:15 p.m.
  • Length: 5:56
Show
View Real Time Build Order
Export as new Build Order

Proxyimba Terran - Winner!

Build Orders: Gas First Reaper Expand 

Get SALT Encoding   

  12  0:00  SCV  
  13  0:12  SCV  
  14  0:17  Supply Depot  
  14  0:24  SCV  
  15  0:32  Refinery  
  15  0:39  SCV  
  16  0:45  Barracks  
  16  0:51  SCV  
  17  1:04  SCV  
  18  1:16  SCV  
  19  1:32  Reaper  
  21  1:33  Orbital Command  
  20  1:45  Command Center  
  20  1:56  Barracks  
  20  1:59  SCV  
  21  2:08  Supply Depot  
  21  2:09  Barracks Reactor  
  21  2:13  SCV  
  22  2:22  Barracks  
  22  2:25  SCV  
  23  2:38  SCV  
  23  2:43  Barracks Tech Lab  
  24  2:46  Marine  
  24  2:47  Marine  
  26  2:53  SCV  
  26  2:56  Engineering Bay  
  26  2:57  Orbital Command  
  27  3:02  Stimpack  
  27  3:05  SCV  
  28  3:09  Marauder  
  28  3:11  Marine  
  31  3:15  Barracks Tech Lab  
  31  3:21  Terran Infantry Weapons Level 1  
  31  3:23  SCV  
  31  3:25  SCV  
  33  3:29  Marine  
  33  3:31  Marine  
  37  3:35  Marine x2, SCV  
  38  3:42  Supply Depot  
  38  3:44  SCV  
  38  3:47  Marine  
  40  3:54  SCV  
  41  3:56  Marine x2, Combat Shield  
  41  4:01  SCV  
  44  4:05  Supply Depot  
  44  4:06  Marine x2, SCV  
  47  4:11  Refinery  
  47  4:13  SCV  
  47  4:14  Marine  
  49  4:17  Marine  
  49  4:22  SCV  
  51  4:24  Marine  
  51  4:25  SCV  
  51  4:26  Marauder  
  51  4:28  Supply Depot  
  55  4:33  Command Center  
  55  4:34  SCV  
  55  4:37  Marine, SCV  
  58  4:43  Marine x2  
  60  4:46  SCV  
  60  4:47  Factory  
  60  4:49  SCV  
  62  4:55  Supply Depot  
  62  4:58  Marine, SCV  
  62  4:59  Refinery  
  64  5:01  SCV  
  64  5:02  Marine x3  
  68  5:13  SCV  
  69  5:16  Marine  
  70  5:24  Refinery, Barracks x2  
  70  5:25  SCV  
  69  5:29  SCV  
  69  5:31  Starport, Factory Reactor  
  69  5:32  Marine, Marauder x2  
  69  5:34  Supply Depot  
  75  5:39  SCV  
  75  5:42  SCV  
Show
View Real Time Build Order
Export as new Build Order

A.I. 1 (Easy) Protoss 

Build Orders:  

Get SALT Encoding   

  12  0:00  Probe  
  13  0:13  Probe  
  14  0:20  Pylon  
  14  0:25  Probe  
  15  0:35  Probe  
  16  0:45  Assimilator  
  16  0:50  Gateway  
  16  0:53  Pylon  
  16  1:16  Assimilator  
  16  1:31  Zealot  
  18  1:42  Cybernetics Core  
  18  1:46  Probe  
  19  1:59  Pylon  
  19  2:00  Probe  
  20  2:08  Probe  
  20  2:09  Warp Gate  
  21  2:16  Probe  
  21  2:22  Adept  
  24  2:29  Probe  
  24  2:41  Probe  
  25  2:52  Adept  
  25  2:53  Probe  
  28  3:19  Stalker  
  30  4:49  Probe  
  30  5:26  Stalker  
  28  5:29  Pylon  
  28  5:31  Probe  
  24  5:41  Zealot  
Tags
 
Add a new tag
Caveats
  • Supply blocks, unpowered buildings, or Contaminate may cause inaccurate times.
  • Supply counts are checked every 10 seconds.